 Dungeon Crawl Stone Soup version 0.29-a0-251-g80730f7218 (webtiles) character file.

Game seed: 6452200777520139539

35 siradein the Magician (level 3, -3/25 HPs)
             Began as a Djinni Necromancer on Mar 6, 2022.
             Slain by a gnoll
             ... wielding a +0 halberd
              (12 damage)
             ... on level 3 of the Dungeon.
             The game lasted 00:02:59 (2826 turns).

siradein the Magician (Djinni Necromancer)          Turns: 2826, Time: 00:03:00

Health: -3/25      AC:  2    Str:  7    XL:     3   Next: 52%
Gold:   76         EV: 12    Int: 18    God:
                   SH:  0    Dex: 13

rFire   + + .      SeeInvis .   d - +0 short sword
rCold   x . .      Faith    .   (no shield)
rNeg    . . .      Spirit   .   a - +0 robe
rPois   ∞          Reflect  .   (no helmet)
rElec   .          Harm     .   (no cloak)
rCorr   .          Rampage  .   (no gloves)
Will    .....                   (boots unavailable)
Stlth   ++........              (no amulet)
HPRegen 0.08/turn               (no ring)
MPRegen 0.00/turn               (no ring)

@: flying
A: sickness immunity, fire resistance 2, cold vulnerability 1, float, innate
caster, HP casting, extra vitality 1
a: no special abilities


You were on level 3 of the Dungeon.
You visited 1 branch of the dungeon, and saw 3 of its levels.

You collected 76 gold pieces.

Inventory:

Hand Weapons
 d - a +0 short sword (weapon)
Armour
 a - a +0 robe (worn)
Scrolls
 b - a scroll of acquirement {unknown}
 c - a scroll of enchant weapon {unknown}
 e - a scroll of identify {unknown}
 g - a scroll of teleportation {unknown}
Potions
 f - a potion of invisibility {unknown}


   Skills:
 - Level 2.1 Dodging
 - Level 1.5 Stealth
 + Level 4.1 Spellcasting


You couldn't memorise any spells.
You knew the following spells:

 Your Spells              Type           Power      Damage    Failure   Level
a - Pain                  Necr           72%        1d7       2%          1
b - Animate Skeleton      Necr           36%        N/A       2%          1
c - Vampiric Draining     Necr           18%        2d7       9%          3
d - Animate Dead          Necr           9%         N/A       26%         4
e - Agony                 Necr           18%        N/A       58%         5
f - Freeze                Ice            72%        1d9       2%          1
Your spell library was empty.

Dungeon Overview and Level Annotations

Branches:
Dungeon (2/15)

Altars:


Innate Abilities, Weirdness & Mutations

You are immune to sickness and miasma.
You are immune to poison.
Your flesh is very heat resistant. (rF++)
You are vulnerable to cold. (rC-)
You float through the air rather than walking.
You learn spells naturally, not from books.
Your magical power is your life essence.
You have superior vitality. (+4 MHP)


Message History

Nothing appears to happen.
The ball python bites you but does no damage.
The ball python barely misses you.
You freeze the ball python.
You kill the ball python!
Your magical contamination has completely faded away.
You reach down and open the door.
There is an open door here.
You see here 14 stones.
A sourceless malevolence fills the Dungeon...
You are sucked into a shaft and drop 1 floor!
The shaft crumbles and collapses.
You hear the sound of rushing water.
There is an entrance to a sewer on this level.
Hurry and find it before the portal rusts away!
No target in view!
Found 6 large rocks.
You see here 6 large rocks.
You hear the slow rusting of a distant drain.
A gnoll comes into view. It is wielding a +0 halberd.
The gnoll throws a throwing net.
The throwing net hits you.
You become entangled in the net!
You struggle against the net.
The gnoll hits you but does no damage.
You struggle against the net.
The gnoll hits you from afar with a +0 halberd.
You struggle against the net.
The gnoll hits you from afar with a +0 halberd!
You struggle against the net.
The gnoll hits you from afar with a +0 halberd.
You rip the net and break free!
The gnoll misses you. The gnoll closely misses you.
You see here 6 large rocks.
You hear the slow rusting of a very distant drain.
The gnoll hits you with a +0 halberd.
Casting: Freeze (safe; 2% risk of failure)
Confirm with . or Enter, or press ? or * to list all spells.
Aiming: Pain (safe; 2% risk of failure)
Press: ? - help, Shift-Dir - straight line, f - gnoll
Aim: a gnoll, wielding a +0 halberd (chance to affect: 83%)
The gnoll barely resists.
The gnoll hits you with a +0 halberd!
You die...

###########
#.........#
#######.######g##
.........##.##@#
#######..##.##.##
#..##.....#
#..##.##.##
#..##.####
#..##.# #..##.#
#########..##.#
(.....g.......#


You could see a gnoll.

Vanquished Creatures
  An adder (D:2)
  A worm (D:2)
  5 endoplasms (D:1)
  A goblin (D:1)
  2 quokkas
  3 ball pythons
  4 bats (D:1)
  2 frilled lizards (D:1)
  2 kobolds (D:1)
  2 rats (D:1)
23 creatures vanquished.

Notes
Turn   | Place    | Note
-------+----------+-------------------------------------------
     0 | D:1      | siradein the Djinni Necromancer began the quest for the
                  | Orb.
     0 | D:1      | Reached XP level 1. HP: 15/15 MP: 0/0
   352 | D:1      | Reached XP level 2. HP: 13/21 MP: 0/0
  1851 | D:1      | Found a faded altar of an unknown god.
  2211 | D:2      | Reached XP level 3. HP: 14/25 MP: 0/0
  2211 | D:2      | Learned a level 1 spell: Freeze
  2381 | D:2      | Reached skill level 4 in Spellcasting
  2699 | D:2      | You are sucked into a shaft and drop 1 floor!
  2826 | D:3      | Slain by a gnoll

Illustrated notes

Levels and vault maps discovered:
D:1:      roderic_chinese_lattice_arrival, layout_loops_corners,
          shapermc_ecumenical_altar_petra, dreamdust_mushroom_princess,
          kennysheep_small_spiral
D:2:      layout_basic
D:3:      layout_basic, cheibrodos_sewer_entry_drain, minmay_gold_behind_fungi,
          uniq_sigmund, uniq_robin

Skill      XL: |  1  2  3 |
---------------+----------+-----
Spellcasting   | 4 |  4.1
Dodging        | |  2.1
Stealth        | |  1.5

Action                   || total
-------------------------++-------
Melee: Short sword       ||     7
 Cast: Pain              ||    37
       Freeze            ||     5
Armor: Robe              ||     2
Dodge: Dodged            ||     9

Table legend: (Time is in decaauts)
 A = Elapsed time spent in this place.
 B = Non-inter-level travel time spent in this place.
 C = Inter-level travel time spent in this place.
 D = Time resting spent in this place.
 E = Time spent auto-exploring this place.
 F = Levels seen in this place.
 G = Mean time per level.
                   A        B        C        D        E       F      G
               +--------+--------+--------+--------+--------+-----+--------+
         Total |   2825 |   2785 |     40 |      0 |   2477 |   3 |  941.7 |
       Dungeon |   2825 |   2785 |     40 |      0 |   2477 |   3 |  941.7 |
               +--------+--------+--------+--------+--------+-----+--------+

Top non-repeatable levels by time:
     D:1: 2143 daAuts
     D:2: 554 daAuts
     D:3: 126 daAuts
